 Dungeon Sprint DCSS version 0.29-a0-88-g03a7b78be7 (webtiles) character file.

Game seed: 10400374373723433644

77863845 mhtbhm the Conqueror (level 21, 85/201 HPs)
             Began as a Minotaur Fighter on Feb 5, 2022.
             Was an Initiate of Gozag.
             Escaped with the Orb
             ... and 17 runes!
             The game lasted 00:54:09 (23540 turns).

mhtbhm the Conqueror (Minotaur Fighter)            Turns: 23540, Time: 00:54:09

Health: 85/201     AC: 37    Str: 40    XL:     21   Next: 94%
Magic:  56/56      EV: 27    Int:  1    God:    Gozag
Gold:   12848      SH: 35    Dex: 15    Spells: 74/74 levels left

rFire   + + .      SeeInvis .   A - +10 morningstar "Eos" {elec, Halo rElec}
rCold   . . .      Faith    +   c - +10 tower shield of Ignorance {rN+ Int-4}
rNeg    + + +      Spirit   .   b - +3 plate armour {rF+}
rPois   .          Reflect  .   O - +1 hat
rElec   +          Harm     .   o - +1 cloak of Starlight {*Dazzle EV+4 Stlth--}
rCorr   .          Rampage  .   z - +2 pair of gloves {Stlth+}
Will    ++++.      NoTele   +   W - +2 pair of boots
Stlth   +.........              V - amulet "Kuit" {Faith rF+ Str+8 Dex-4 Slay+2}
HPRegen 0.43/turn               N - +6 ring of strength
MPRegen 0.35/turn               m - ring of Yesterday {rN++ Will+++ Str-3 Dex+6 Slay+2}

@: gold aura, glowing
A: horns 2, retaliatory headbutt, frail 1, high MP 1
0: Orb of Zot
}: 17/17 runes: decaying, serpentine, barnacled, slimy, elven, silver, golden,
iron, obsidian, icy, bone, abyssal, glowing, magical, fiery, dark, gossamer
a: Renounce Religion, Potion Petition, Call Merchant, Bribe Branch


You escaped.
You worshipped Gozag.
Gozag was extremely pleased with you.
You visited 1 branch You collected 64815 gold pieces.
You spent 9881 gold pieces at shops.
You paid 42086 gold pieces to Gozag.

Inventory:

Hand Weapons
 A - the +10 morningstar "Eos" (weapon) {elec, Halo rElec}
   (You bought it in a shop in the Dungeon)

   It occasionally discharges a powerful burst of electricity upon striking a
   foe.
   It grants its wielder a halo, increasing accuracy against those within it.
   rElec:     It insulates you from electricity.
 E - a +6 hunting sling of flaming
 X - a +9 sacred scourge of holy wrath
Missiles
 a - 3 silver javelins
 d - 4 poisoned darts
 n - 3 throwing nets
 p - 6 javelins (quivered)
 F - 37 sling bullets
Armour
 b - a +3 plate armour of fire resistance (worn)
 c - the +10 tower shield of Ignorance (worn) {rN+ Int-4}
   (You found it in the Dungeon)

   Int:       It affects your intelligence (-4).
   rN:        It protects you from negative energy.
 o - the +1 cloak of Starlight (worn) {*Dazzle EV+4 Stlth--}
   (You bought it in a shop in the Dungeon)

   It may blind those who miss an attack against the wearer in melee combat.
   EV:        It affects your evasion (+4).
   Stlth:     It makes you much less stealthy.
 z - a +2 pair of gloves of stealth (worn)
 O - a +1 hat (worn)
 U - a +2 plate armour of positive energy
 W - a +2 pair of boots (worn)
Jewellery
 m - the ring of Yesterday (right hand) {rN++ Will+++ Str-3 Dex+6 Slay+2}
   (You bought it in a shop in the Dungeon)

   [ring of dexterity]

   Str:       It affects your strength (-3).
   Dex:       It affects your dexterity (+6).
   Slay:      It affects your accuracy & damage with ranged weapons and melee
   (+2).
   rN:        It greatly protects you from negative energy.
   Will:      It greatly increases your willpower.
 K - the ring of Recklessness {*Slow rElec rPois Will++ Str+2}
   (You found it in the Dungeon)

   [ring of poison resistance]

   Str:       It affects your strength (+2).
   rElec:     It insulates you from electricity.
   rPois:     It protects you from poison.
   *Slow:     It may slow you when you take damage.
   Will:      It greatly increases your willpower.
 M - the amulet of the Salamander {Reflect Will+ SH+5}
   (You found it in the Dungeon)

   [amulet of reflection]

   It reflects blocked missile attacks.
   SH:        It affects your SH (+5).
   Will:      It increases your willpower.
 N - a +6 ring of strength (left hand)
 V - the amulet "Kuit" (around neck) {Faith rF+ Str+8 Dex-4 Slay+2}
   (You found it in the Dungeon)

   [amulet of faith]

   It allows you to gain divine favour quickly.
   Str:       It affects your strength (+8).
   Dex:       It affects your dexterity (-4).
   Slay:      It affects your accuracy & damage with ranged weapons and melee
   (+2).
   rF:        It protects you from fire.
Wands
 D - a wand of mindburst (2)
 S - a wand of flame (20)
Scrolls
 j - 4 scrolls of blinking
 k - 2 scrolls of amnesia
 r - a scroll of fog
 s - 8 scrolls of enchant weapon
 t - 3 scrolls of immolation
 u - 2 scrolls of fear
 v - 9 scrolls of enchant armour
 x - a scroll of identify
 y - 3 scrolls of brand weapon
 R - a scroll of silence
Potions
 e - 6 potions of curing
 f - a potion of heal wounds
 h - 9 potions of magic
 i - 3 potions of brilliance
 B - a potion of attraction
 C - a potion of flight
 I - a potion of invisibility
 Q - a potion of cancellation
Miscellaneous
 q - a condenser vane
 w - the horn of Geryon
 T - a box of beasts


   Skills:
 O Level 27 Fighting
 - Level 1.1(1.4) Short Blades
 - Level 1.1(1.4) Long Blades
 - Level 1.1(18.1) Axes
 O Level 27 Maces & Flails
 - Level 1.1(1.6) Polearms
 - Level 1.1(18.1) Staves
 O Level 27 Slings
 - Level 1.0 Bows
 - Level 1.1 Crossbows
 O Level 27 Throwing
 O Level 27 Armour
 O Level 27 Dodging
 O Level 27 Stealth
 O Level 27 Shields
 - Level 1.0 Unarmed Combat
 O Level 27 Spellcasting
 + Level 20.9 Conjurations
 - Level 0.5 Hexes
 - Level 0.6 Summonings
 - Level 0.7 Necromancy
 - Level 0.6 Translocations
 - Level 0.8 Transmutations
 - Level 0.6 Fire Magic
 - Level 0.6 Ice Magic
 - Level 0.6 Air Magic
 - Level 0.8 Earth Magic
 - Level 0.6 Poison Magic
 - Level 1.0 Invocations
 O Level 27 Evocations


You had 74 spell levels left.
You didn't know any spells.
Your spell library contained the following spells:

 Spells                   Type           Power      Damage    Failure   Level
 Dispersal                Tloc           0%         N/A       100%        6
 Disjunction              Tloc           0%         N/A       100%        8


Dungeon Overview and Level Annotations

Branches:
Dungeon (1/1)

Altars:
Cheibriados
Dithmenos
Elyvilon
Fedhas
Gozag
Hepliaklqana
Kikubaaqudgha
Makhleb
Nemelex Xobeh
Okawaru
Qazlal
Ru
Sif Muna
Trog
Uskayaw
Vehumet
Wu Jian
Xom
Yredelemnul
Zin
The Shining One
Beogh
Jiyva
Lugonu

Shops:
D :=?((=[(*=[?[[![[***[?*


Innate Abilities, Weirdness & Mutations

You have a pair of horns on your head.
You reflexively headbutt those who attack you in melee.
You are frail. (-10% HP)
You have an increased reservoir of magic. (+10% MP)


Message History

There is an open door to the Temple here.
The Ice Fiend gestures at you. The bolt of cold hits you!!
The Ice Fiend gestures at you. The bolt of cold misses you.
You hit the Ice Fiend but do no damage. You headbutt the Ice Fiend.
The Ice Fiend is lightly wounded.
You block the Ice Fiend's attack. x2
You puncture the Ice Fiend!
You headbutt the Ice Fiend, but do no damage.
The Ice Fiend is lightly wounded.
The Ice Fiend calls on the powers of darkness!
Your body is wracked with pain!
You sock the Ice Fiend!
The Ice Fiend is moderately wounded.
You thump the Ice Fiend! You headbutt the Ice Fiend.
The Ice Fiend is heavily wounded.
The Ice Fiend calls on the powers of darkness!
Your body is wracked with pain!
You impale the Ice Fiend!!
The Ice Fiend is severely wounded.
The Ice Fiend barely misses you. You furiously retaliate!
You headbutt the Ice Fiend!
The Ice Fiend claws you but does no damage.
You beat the Ice Fiend like a drum!!!
You kill the Ice Fiend!
You barely miss the soul eater. You block the soul eater's attack.
You hit the soul eater but do no damage.
You skewer the soul eater like a kebab!!!
You headbutt the soul eater.
The soul eater is severely wounded.
You block the soul eater's attack.
You impale the soul eater!!
You kill the soul eater!
You now have 12848 gold pieces (gained 216).
You see here a +0 short sword.
There is an open door, spattered with blood here.
There is an open door to the Dungeon, spattered with blood here.
There is a staircase leading out of the dungeon here.
You have escaped!

▓▓▓▓▓▓▓▓▓▓▓▓▓▓▓▓▓▓
▓@▓...▓...▓...▓...
▓.▓.▓.▓.▓.▓.▓.▓.▓.
▓.▓.▓.▓.▓.▓.▓.▓.▓.
▓.▓.▓.▓.▓.▓)▓.▓.▓.
▓'▓.▓.▓.▓.▓.▓.▓.▓.
▓.▓.▓.▓.▓.▓.▓.▓.▓.
▓.▓.▓.▓.▓.▓.▓.▓.▓.
▓.▓.▓'▓.▓.▓.▓.▓.▓.
▓.▓.▓.▓.▓.▓.▓.▓.▓.


There were no monsters in sight!

Vanquished Creatures
  Cerebov (D)
  Antaeus (D)
  Asmodeus (D)
  the Royal Jelly (D)
  Ereshkigal (D)
  Gloorx Vloq (D)
  Lom Lobon (D)
  4 ancient liches (D)
  2 seraphim (D)
  Mnoleg (D)
  Dispater (D)
  2 orbs of fire (D)
  Mennas (D)
  A juggernaut (D)
  5 royal mummies (D)
  Saint Roka (D)
  Frederick (D)
  Xtahua (D)
  12 pandemonium lords (D)
  Geryon (D)
  7 golden dragons (D)
  Jory (D)
  3 Tzitzimimeh (D)
  A Brimstone Fiend (D)
  4 Ice Fiends (D)
  2 electric golems (D)
  7 tentacled monstrosities (D)
  A Hell Sentinel (D)
  A titan (D)
  41 Orb Guardians (D)
  A quicksilver dragon (D)
  5 liches (D)
  3 deep elf blademasters (D)
  15 acid blobs (D)
  13 sphinxes (D)
  10 shadow dragons (D)
  5 tengu reavers (D)
  2 death cobs (D)
  8 rockslimes (D)
  Ilsuiw (D)
  2 draconian monks (D)
  2 daevas (D)
  2 storm dragons (D)
  A demonspawn warmonger (D)
  5 nagarajas (D)
  3 deep elf sorcerers (D)
  4 azure jellies (D)
  3 vault wardens (D)
  A draconian knight (D)
  A frost giant (D)
  2 fire giants (D)
  4 emperor scorpions (D)
  3 draconian shifters (D)
  3 angels (D)
  A cacodemon (D)
  Louise (D)
  4 draconian scorchers (D)
  2 balrugs (D)
  2 ghost moths (D)
  A ghost moth (shapeshifter) (D)
  2 demonspawn corrupters (D)
  2 ironbound preservers (D)
  A draconian stormcaller (D)
  10 stone giants (D)
  A reaper (D)
  2 quicksilver oozes (D)
  2 draconian annihilators (D)
  4 very ugly things (D)
  2 demonspawn blood saints (D)
  9 vampire knights (D)
  3 green draconians (D)
  A war gargoyle (D)
  An ironbound thunderhulk (D)
  A black draconian (D)
  3 deep elf demonologists (D)
  2 lorocyprocas (D)
  A dire elephant (D)
  2 purple draconians (D)
  Azrael (D)
  A bunyip (D)
  3 white draconians (D)
  4 yellow draconians (D)
  2 red draconians (D)
  6 deep elf annihilators (D)
  A spark wasp (D)
  A deep elf death mage (D)
  An ettin (D)
  5 blizzard demons (D)
  A merfolk impaler (D)
  6 merfolk javelineers (D)
  5 mummy priests (D)
  3 yaktaur captains (D)
  3 great orbs of eyes (D)
  3 fire dragons (D)
  2 rakshasas (D)
  10 hydras (D)
  25 vault guards (D)
  A hell beast (D)
  Harold (D)
  A peacekeeper (D)
  An ironbound frostheart (D)
  4 ice dragons (D)
  4 ogre magi (D)
  An alligator snapping turtle (D)
  A death knight (D)
  A satyr (D)
  5 merfolk aquamancers (D)
  3 merfolk avatars (D)
  A vampire mage (D)
  3 deep troll shamans (D)
  4 tengu warriors (D)
  4 hell hogs (D)
  5 two-headed ogres (D)
  A spriggan berserker (D)
  2 shock serpents (D)
  A naga sharpshooter (D)
  4 soul eaters (D)
  7 sun demons (D)
  A pharaoh ant (D)
  2 sixfirhies (D)
  2 cherubim (D)
  A steelbarb worm (D)
  2 wizards (D)
  5 swamp dragons (D)
  A goliath frog (D)
  2 glowing orange brains (D)
  2 ironbound convokers (D)
  2 bog bodies (D)
  2 shadow demons (D)
  2 deep elf pyromancers (D)
  2 necromancers (D)
  An orc knight (D)
  An orc sorcerer (D)
  3 ugly things (D)
  5 wolf spiders (D)
  10 moths of wrath (D)
  A cyclops (D)
  2 will-o-the-wisps (D)
  A worldbinder (D)
  5 black mambas (D)
  5 guardian serpents (D)
  2 naga magi (D)
  An apocalypse crab (D)
  Joseph (D)
  6 vault sentinels (D)
  A water nymph (D)
  An orange demon (D)
  2 rust devils (D)
  2 smoke demons (D)
  5 cane toads (D)
  2 demonic crawlers (D)
  A rime drake (D)
  2 efreet (D)
  3 hellions (D)
  A kobold demonologist (D)
  18 guardian mummies (D)
  2 ice devils (D)
  2 freezing wraiths (D)
  3 hellwings (D)
  7 red devils (D)
  3 tormentors (D)
  A troll (D)
  2 large abominations (D)
  A meliai (D)
  A bloated husk (D)
  3 tyrant leeches (D)
  A wandering mushroom (D)
  2 slime creatures (D)
  A wind drake (D)
  2 merfolk (D)
  A tarantella (D)
  A slime creature (shapeshifter) (D)
  3 blink frogs (D)
  2 jumping spiders (D)
  A small abomination (D)
  11 spriggans (D)
  A wyvern (D)
  A fire bat (D)
  A ynoxinul (D)
  2 yaks (D)
  3 vampire mosquitoes (D)
  3 golden eyes (D)
  A neqoxec (D)
  4 fire elementals (D)
  A chaos spawn (D)
  2 redbacks (D)
  3 nagas (D)
  4 hell hounds (D)
  3 water moccasins (D)
  11 orc warriors (D)
  An ice beast (D)
  5 ogres (D)
  2 wolves (D)
  A lemure (D)
  2 kobold brigands (D)
  6 bullfrogs (D)
  2 howler monkeys (D)
  A hound (D)
  A quasit (D)
  An iron imp (D)
  6 orc priests (D)
  An iguana (D)
  3 orc wizards (D)
  An adder (D)
  10 orcs (D)
  A quokka (D)
  2 bats (D)
  A frilled lizard (D)
  A rat (D)
651 creatures vanquished.

Vanquished Creatures (others)
  An orange demon (D)
  9 ball lightnings (D)
  4 foxfires (D)
14 creatures vanquished.

Grand Total: 665 creatures vanquished

Notes
Turn   | Place    | Note
-------+----------+-------------------------------------------
     0 | D        | mhtbhm the Minotaur Fighter began the quest for the Orb.
     0 | D        | Reached XP level 1. HP: 19/19 MP: 0/0
    49 | D        | Noticed an ice beast
    49 | D        | Noticed a hound
    49 | D        | Noticed an iguana
    56 | D        | Killed an ice beast
    57 | D        | Reached skill level 5 in Maces & Flails
    57 | D        | Reached skill level 1 in Dodging
    57 | D        | Reached skill level 5 in Shields
    57 | D        | Reached XP level 2. HP: 10/31 MP: 1/1
    57 | D        | Reached XP level 3. HP: 13/38 MP: 2/2
    57 | D        | Reached XP level 4. HP: 15/45 MP: 3/3
    60 | D        | Reached XP level 5. HP: 15/52 MP: 4/4
   204 | D        | Found a snail-covered altar of Cheibriados.
   204 | D        | Found a shadowy altar of Dithmenos.
   204 | D        | Found a white marble altar of Elyvilon.
   204 | D        | Found a blossoming altar of Fedhas.
   204 | D        | Found an opulent altar of Gozag.
   205 | D        | Found a hazy altar of Hepliaklqana.
   206 | D        | Found a viscous altar of Jiyva.
   287 | D        | Found an ancient bone altar of Kikubaaqudgha.
   288 | D        | Found a corrupted altar of Lugonu.
   289 | D        | Found a burning altar of Makhleb.
   290 | D        | Found a sparkling altar of Nemelex Xobeh.
   291 | D        | Found an iron altar of Okawaru.
   318 | D        | Found a stormy altar of Qazlal.
   319 | D        | Found a sacrificial altar of Ru.
   324 | D        | Became a worshipper of Gozag Ym Sagoz the Greedy
   327 | D        | Found a shimmering blue altar of Sif Muna.
   328 | D        | Found a bloodstained altar of Trog.
   329 | D        | Found a hide-covered altar of Uskayaw.
   330 | D        | Found a radiant altar of Vehumet.
   331 | D        | Found an ornate altar of the Wu Jian Council.
   332 | D        | Found a shimmering altar of Xom.
   333 | D        | Found a basalt altar of Yredelemnul.
   334 | D        | Found a glowing silver altar of Zin.
   335 | D        | Found a glowing golden altar of the Shining One.
   382 | D        | Noticed a kobold demonologist
   382 | D        | Noticed a two-headed ogre
   382 | D        | Noticed a yak
   385 | D        | Killed a kobold demonologist
   386 | D        | Reached XP level 6. HP: 66/66 MP: 5/5
   389 | D        | Killed a two-headed ogre
   390 | D        | Reached skill level 10 in Maces & Flails
   390 | D        | Reached skill level 10 in Armour
   390 | D        | Reached skill level 10 in Shields
   390 | D        | Reached XP level 7. HP: 41/74 MP: 6/6
   391 | D        | Killed a yak
   392 | D        | Reached XP level 8. HP: 44/82 MP: 7/7
   403 | D        | Reached skill level 5 in Dodging
   596 | D        | Noticed a purple ugly thing
   596 | D        | Noticed a cyclops
   596 | D        | Noticed a four-headed hydra
   617 | D        | Killed a purple ugly thing
   626 | D        | Killed a cyclops
   627 | D        | Reached XP level 9. HP: 64/91 MP: 8/8
   632 | D        | Killed a four-headed hydra
   633 | D        | Reached skill level 1 in Evocations
   897 | D        | Noticed a cane toad
   897 | D        | Noticed a cane toad
   897 | D        | Noticed a rime drake
   897 | D        | Noticed a six-headed hydra
   900 | D        | Killed a cane toad
   900 | D        | Killed a cane toad
   901 | D        | Reached skill level 15 in Maces & Flails
   901 | D        | Reached skill level 5 in Stealth
   904 | D        | Killed a six-headed hydra
   904 | D        | Killed a rime drake
   905 | D        | Reached XP level 10. HP: 87/101 MP: 9/9
   920 | D        | Noticed a cane toad
   938 | D        | Killed a cane toad
  1087 | D        | Noticed a black mamba
  1098 | D        | Killed a black mamba
  1251 | D        | Noticed a cane toad
  1251 | D        | Noticed a cane toad
  1272 | D        | Killed a cane toad
  1277 | D        | Killed a cane toad
  1630 | D        | Reached XP level 11. HP: 110/110 MP: 10/10
  1833 | D        | Noticed an orc sorcerer
  1843 | D        | Killed an orc sorcerer
  2055 | D        | Found Fiuzeuba's Book Emporium.
  2055 | D        | Noticed a two-headed ogre
  2055 | D        | Noticed an ogre mage
  2055 | D        | Noticed an ogre mage
  2056 | D        | Noticed an ogre mage
  2063 | D        | Killed a two-headed ogre
  2067 | D        | Killed an ogre mage
  2068 | D        | Reached skill level 15 in Fighting
  2068 | D        | Reached skill level 10 in Stealth
  2068 | D        | Killed an ogre mage
  2085 | D        | Killed an ogre mage
  2086 | D        | Noticed a two-headed ogre
  2087 | D        | Found Ditirch's Jewellery Shoppe.
  2094 | D        | Killed a two-headed ogre
  2205 | D        | Found Zusinuergh's Magic Scroll Emporium.
  2209 | D        | Found Raekk's Antique Weapon Shoppe.
  2212 | D        | Noticed a two-headed ogre
  2213 | D        | Noticed a two-headed ogre
  2215 | D        | Noticed an ogre mage
  2219 | D        | Killed a two-headed ogre
  2220 | D        | Reached skill level 1 in Throwing
  2223 | D        | Killed a two-headed ogre
  2230 | D        | Killed an ogre mage
  2417 | D        | Bought a scroll of enchant weapon for 105 gold pieces
  2417 | D        | Bought a scroll of immolation for 49 gold pieces
  2417 | D        | Bought a scroll of fear for 49 gold pieces
  2417 | D        | Bought a scroll of enchant armour for 105 gold pieces
  2417 | D        | Bought a scroll of identify for 28 gold pieces
  2417 | D        | Bought a scroll of immolation for 49 gold pieces
  2417 | D        | Bought a scroll of magic mapping for 49 gold pieces
  2417 | D        | Bought a scroll of enchant armour for 105 gold pieces
  2417 | D        | Bought a scroll of fear for 49 gold pieces
  2417 | D        | Bought 3 scrolls of brand weapon for 840 gold pieces
  2457 | D        | Noticed Joseph
  2466 | D        | Killed Joseph
  3030 | D        | Bought the +10 morningstar "Eos" {elec, Halo rElec} for
                  | 1850 gold pieces
  3030 | D        | Found the +10 morningstar "Eos" {elec, Halo rElec}
  3046 | D        | Noticed a brown ugly thing
  3046 | D        | Noticed a tengu warrior
  3046 | D        | Noticed a death knight
  3046 | D        | Noticed a deep elf pyromancer
  3050 | D        | Reached skill level 15 in Armour
  3051 | D        | Killed a brown ugly thing
  3051 | D        | Killed a deep elf pyromancer
  3051 | D        | Noticed an orc knight
  3052 | D        | Reached XP level 12. HP: 113/124 MP: 11/11
  3053 | D        | Killed a tengu warrior
  3054 | D        | Killed a death knight
  3066 | D        | Noticed a stone giant
  3073 | D        | Noticed a rakshasa
  3078 | D        | Noticed an ettin
  3087 | D        | Killed a stone giant
  3088 | D        | Killed a rakshasa
  3183 | D        | Killed an ettin
  3184 | D        | Noticed an ice dragon
  3404 | D        | Noticed a tengu warrior
  3404 | D        | Noticed a stone giant
  3412 | D        | Killed an ice dragon
  3413 | D        | Reached skill level 5 in Throwing
  3413 | D        | Reached skill level 5 in Evocations
  3417 | D        | Killed a tengu warrior
  3419 | D        | Killed a stone giant
  3708 | D        | Noticed a merfolk aquamancer
  3708 | D        | Noticed a merfolk avatar
  3708 | D        | Noticed an alligator snapping turtle
  3709 | D        | Noticed a merfolk aquamancer
  3714 | D        | Killed a merfolk aquamancer
  3717 | D        | Noticed a satyr
  3717 | D        | Killed a merfolk aquamancer
  3725 | D        | Killed a merfolk avatar
  3731 | D        | Killed an alligator snapping turtle
  3737 | D        | Killed a satyr
  4026 | D        | Reached XP level 13. HP: 127/136 MP: 12/12
  4176 | D        | Noticed a nagaraja
  4187 | D        | Reached skill level 1 in Slings
  4195 | D        | Killed a nagaraja
  4552 | D        | Noticed a bunyip
  4564 | D        | Reached skill level 5 in Slings
  4564 | D        | Reached skill level 15 in Shields
  4587 | D        | Killed a bunyip
  4894 | D        | Noticed Harold
  4903 | D        | Killed Harold
  4966 | D        | Noticed a brown very ugly thing
  4966 | D        | Noticed a sphinx
  4966 | D        | Noticed a stone giant
  4973 | D        | Killed a green very ugly thing
  4975 | D        | Killed a sphinx
  4978 | D        | Killed a stone giant
  4989 | D        | Noticed a fire dragon
  5004 | D        | Killed a fire dragon
  5009 | D        | Noticed a cyan very ugly thing
  5009 | D        | Noticed a stone giant
  5012 | D        | Noticed a tengu reaver
  5016 | D        | Killed a cyan very ugly thing
  5019 | D        | Killed a stone giant
  5019 | D        | Noticed a purple very ugly thing
  5020 | D        | Reached skill level 10 in Slings
  5033 | D        | Killed a tengu reaver
  5034 | D        | Reached XP level 14. HP: 47/149 MP: 13/13
  5037 | D        | Killed a purple very ugly thing
  5398 | D        | Noticed a ghost moth
  5402 | D        | Killed a ghost moth
  5538 | D        | Noticed an ironbound thunderhulk
  5539 | D        | Noticed a vault warden
  5543 | D        | Killed an ironbound thunderhulk
  5550 | D        | Noticed an ironbound preserver
  5564 | D        | Killed a vault warden
  5574 | D        | Killed an ironbound preserver
  5578 | D        | Noticed a vault warden
  5584 | D        | Noticed a vault warden
  5586 | D        | Noticed a brown very ugly thing
  5599 | D        | Killed a vault warden
  5603 | D        | Killed a brown very ugly thing
  5604 | D        | Killed a vault warden
  5960 | D        | Noticed Xtahua
  5973 | D        | Killed Xtahua
  6247 | D        | Found the +10 tower shield of Ignorance {rN+ Int-4}
  6368 | D        | Noticed Louise
  6381 | D        | Killed Louise
  6441 | D        | Bought the ring of Yesterday {rN++ Will+++ Str-3 Dex+6
                  | Slay+2} for 893 gold pieces
  6445 | D        | Bought the +1 cloak of Starlight {*Dazzle EV+4 Stlth--} for
                  | 549 gold pieces
  6445 | D        | Found the +1 cloak of Starlight {*Dazzle EV+4 Stlth--}
  6459 | D        | Noticed an emperor scorpion
  6459 | D        | Noticed an emperor scorpion
  6470 | D        | Noticed a ghost moth
  6471 | D        | Killed an emperor scorpion
  6471 | D        | Noticed an emperor scorpion
  6477 | D        | Killed an emperor scorpion
  6483 | D        | Killed a ghost moth
  6489 | D        | Killed an emperor scorpion
  6511 | D        | Noticed a ghost moth
  6511 | D        | Noticed an emperor scorpion
  6517 | D        | Killed a ghost moth
  6524 | D        | Killed an emperor scorpion
  6539 | D        | Got a gossamer rune of Zot
  6589 | D        | Noticed Ilsuiw
  6591 | D        | Reached XP level 15. HP: 122/166 MP: 10/14
  6600 | D        | Killed Ilsuiw
  6605 | D        | Reached skill level 10 in Dodging
  6625 | D        | Reached skill level 15 in Slings
  6788 | D        | Got a barnacled rune of Zot
  6860 | D        | Upgraded the game from 0.29-a0-82-g837932c90e to
                  | 0.29-a0-88-g03a7b78be7
  6920 | D        | Reached skill level 10 in Throwing
  6932 | D        | Got a decaying rune of Zot
  6969 | D        | Noticed a nagaraja
  6969 | D        | Noticed a nagaraja
  6970 | D        | Noticed a nagaraja
  6974 | D        | Killed a nagaraja
  6978 | D        | Noticed a nagaraja
  6986 | D        | Killed a nagaraja
  6986 | D        | Killed a nagaraja
  6987 | D        | Reached skill level 15 in Stealth
  6987 | D        | Reached skill level 10 in Evocations
  6990 | D        | Killed a nagaraja
  7047 | D        | Got a serpentine rune of Zot
  7219 | D        | Noticed Frederick
  7236 | D        | Killed Frederick
  7297 | D        | Noticed Azrael
  7308 | D        | Killed Azrael
  7564 | D        | Reached XP level 16. HP: 175/182 MP: 15/15
  7609 | D        | Noticed a tengu reaver
  7609 | D        | Noticed a shadow dragon
  7618 | D        | Reached skill level 27 in Fighting
  7623 | D        | Killed a tengu reaver
  7630 | D        | Killed a shadow dragon
  7639 | D        | Noticed a tengu reaver
  7641 | D        | Noticed a shadow dragon
  7653 | D        | Killed a tengu reaver
  7654 | D        | Reached skill level 27 in Maces & Flails
  7677 | D        | Killed a shadow dragon
  7838 | D        | Noticed a shadow dragon
  7839 | D        | Noticed a tengu reaver
  7847 | D        | Killed a shadow dragon
  7853 | D        | Killed a tengu reaver
  7914 | D        | Noticed a shadow dragon
  7914 | D        | Noticed a golden dragon
  7914 | D        | Noticed a tentacled monstrosity
  7914 | D        | Noticed a shadow dragon
  7920 | D        | Noticed a tengu reaver
  7923 | D        | Killed a shadow dragon
  7928 | D        | Noticed a shadow dragon
  7934 | D        | Noticed a titan
  7937 | D        | Killed a tengu reaver
  7938 | D        | Killed a golden dragon
  7942 | D        | Killed a tentacled monstrosity
  7943 | D        | Reached skill level 27 in Shields
  7952 | D        | Killed a shadow dragon
  7962 | D        | Killed a shadow dragon
  7964 | D        | Killed a titan
  8047 | D        | Got a silver rune of Zot
  8109 | D        | Noticed Saint Roka
  8122 | D        | Killed Saint Roka
  8280 | D        | Got the ring "Josyeggile" {Fire Will+ Dex+5}
  8282 | D        | Got the ring of Recklessness {*Slow rElec rPois Will++
                  | Str+2}
  8284 | D        | Got the amulet of the Salamander {Reflect Will+ SH+5}
  8286 | D        | Got the ring "Sumer" {rElec rF+ Int-4 SInv}
  8288 | D        | Got the amulet "Kuit" {Faith rF+ Str+8 Dex-4 Slay+2}
  8289 | D        | Found the +6 Majin-Bo {vamp, MP+6 Int+6}
  8290 | D        | Found the +7 mace of Variability {chain chaos}
  8404 | D        | Noticed Jory
  8423 | D        | Killed Jory
  8651 | D        | Noticed Mennas
  8671 | D        | Killed Mennas
  8766 | D        | Noticed a juggernaut
  8783 | D        | Killed a juggernaut
  8994 | D        | Noticed a golden dragon
  8994 | D        | Noticed a golden dragon
  9002 | D        | Killed a golden dragon
  9004 | D        | Reached XP level 17. HP: 148/191 MP: 16/16
  9005 | D        | Killed a golden dragon
  9267 | D        | Reached skill level 15 in Dodging
  9324 | D        | Noticed a tentacled monstrosity
  9339 | D        | Killed a tentacled monstrosity
  9344 | D        | Reached skill level 15 in Evocations
  9576 | D        | Noticed a tentacled monstrosity
  9586 | D        | Killed a tentacled monstrosity
  9852 | D        | Noticed a golden dragon
  9972 | D        | Killed a golden dragon
  9973 | D        | Reached skill level 15 in Throwing
 10387 | D        | Noticed an Orb Guardian
 10387 | D        | Noticed an Orb Guardian
 10387 | D        | Noticed an Orb Guardian
 10387 | D        | Noticed an Orb Guardian
 10387 | D        | Noticed an Orb Guardian
 10387 | D        | Noticed an Orb Guardian
 10395 | D        | Killed an Orb Guardian
 10398 | D        | Noticed an Orb Guardian
 10400 | D        | Killed an Orb Guardian
 10403 | D        | Killed an Orb Guardian
 10407 | D        | Killed an Orb Guardian
 10413 | D        | Killed an Orb Guardian
 10416 | D        | Killed an Orb Guardian
 10423 | D        | Killed an Orb Guardian
 10424 | D        | Noticed an Orb Guardian
 10427 | D        | Noticed an Orb Guardian
 10434 | D        | Killed an Orb Guardian
 10435 | D        | Noticed an Orb Guardian
 10439 | D        | Killed an Orb Guardian
 10446 | D        | Killed an Orb Guardian
 10482 | D        | Noticed a tentacled monstrosity
 10482 | D        | Noticed a tentacled monstrosity
 10482 | D        | Noticed an Orb Guardian
 10482 | D        | Noticed an Orb Guardian
 10482 | D        | Noticed a quicksilver dragon
 10491 | D        | Killed a tentacled monstrosity
 10497 | D        | Killed a tentacled monstrosity
 10497 | D        | Noticed an Orb Guardian
 10498 | D        | Killed an Orb Guardian
 10499 | D        | Reached skill level 27 in Armour
 10499 | D        | Killed an Orb Guardian
 10499 | D        | Killed a quicksilver dragon
 10500 | D        | Reached XP level 18. HP: 198/200 MP: 17/17
 10500 | D        | Noticed an Orb Guardian
 10509 | D        | Killed an Orb Guardian
 10511 | D        | Killed an Orb Guardian
 10733 | D        | Noticed an ancient lich
 10737 | D        | Killed an ancient lich
 10745 | D        | Noticed an orb of fire
 10755 | D        | Killed an orb of fire
 10875 | D        | Noticed an electric golem
 10885 | D        | Killed an electric golem
 10954 | D        | Noticed an Orb Guardian
 10954 | D        | Noticed an electric golem
 10954 | D        | Noticed a golden dragon
 10954 | D        | Noticed an Orb Guardian
 10956 | D        | Noticed an orb of fire
 10958 | D        | Killed an Orb Guardian
 10959 | D        | Killed an Orb Guardian
 10959 | D        | Killed a golden dragon
 10962 | D        | Noticed a tentacled monstrosity
 10966 | D        | Noticed a golden dragon
 10969 | D        | Noticed a golden dragon
 10974 | D        | Gained mutation: You are clumsy. (Dex -2) [an orb of fire]
 10982 | D        | Killed an orb of fire
 10986 | D        | Killed an electric golem
 10990 | D        | Killed a tentacled monstrosity
 11310 | D        | Noticed an ancient lich
 11319 | D        | Killed a golden dragon
 11326 | D        | Killed a golden dragon
 11334 | D        | Killed an ancient lich
 11590 | D        | Noticed an Orb Guardian
 11590 | D        | Noticed an Orb Guardian
 11590 | D        | Noticed an Orb Guardian
 11590 | D        | Noticed an Orb Guardian
 11590 | D        | Noticed an Orb Guardian
 11590 | D        | Noticed an Orb Guardian
 11595 | D        | Killed an Orb Guardian
 11595 | D        | Killed an Orb Guardian
 11595 | D        | Killed an Orb Guardian
 11596 | D        | Killed an Orb Guardian
 11599 | D        | Killed an Orb Guardian
 11600 | D        | Killed an Orb Guardian
 11604 | D        | Noticed an Orb Guardian
 11609 | D        | Noticed an Orb Guardian
 11616 | D        | Killed an Orb Guardian
 11624 | D        | Killed an Orb Guardian
 11731 | D        | Noticed an Orb Guardian
 11732 | D        | Noticed an Orb Guardian
 11733 | D        | Noticed an Orb Guardian
 11737 | D        | Killed an Orb Guardian
 11744 | D        | Killed an Orb Guardian
 11751 | D        | Killed an Orb Guardian
 11760 | D        | Noticed an Orb Guardian
 11768 | D        | Killed an Orb Guardian
 11858 | D        | Noticed a lich
 11869 | D        | Killed a lich
 11893 | D        | Noticed an ancient lich
 11905 | D        | Killed an ancient lich
 12657 | D        | Bought a pair of heavily runed boots for 389 gold pieces
 12657 | D        | Identified the -4 pair of boots "Redghi" {rN++} (You bought
                  | it in a shop in the Dungeon)
 12663 | D        | Bought a scroll of enchant weapon for 75 gold pieces
 12663 | D        | Bought a scroll of immolation for 35 gold pieces
 12663 | D        | Bought a scroll of identify for 20 gold pieces
 12665 | D        | Bought a pair of embroidered gloves for 292 gold pieces
 12700 | D        | Reached XP level 19. HP: 203/207 MP: 18/18
 12707 | D        | Reached skill level 27 in Stealth
 12929 | D        | Got an elven rune of Zot
 12970 | D        | Noticed the Royal Jelly
 13329 | D        | Killed the Royal Jelly
 13330 | D        | Reached skill level 27 in Throwing
 13498 | D        | Reached skill level 27 in Dodging
 13513 | D        | Got a slimy rune of Zot
 13686 | D        | Bought a potion of heal wounds for 105 gold pieces
 13686 | D        | Bought a potion of attraction for 63 gold pieces
 13686 | D        | Bought a potion of curing for 63 gold pieces
 13686 | D        | Bought a potion of curing for 63 gold pieces
 13876 | D        | Reached skill level 27 in Evocations
 14175 | D        | Reached skill level 1 in Short Blades
 14175 | D        | Reached skill level 1 in Long Blades
 14175 | D        | Reached skill level 1 in Axes
 14175 | D        | Reached skill level 1 in Polearms
 14175 | D        | Reached skill level 1 in Staves
 14175 | D        | Reached skill level 1 in Bows
 14175 | D        | Reached skill level 1 in Crossbows
 14175 | D        | Reached skill level 1 in Unarmed Combat
 14175 | D        | Reached skill level 1 in Invocations
 14178 | D        | Reached skill level 1 in Spellcasting
 14542 | D        | Noticed a royal mummy
 14542 | D        | Noticed a royal mummy
 14542 | D        | Noticed a royal mummy
 14542 | D        | Noticed a royal mummy
 14542 | D        | Noticed a royal mummy
 14548 | D        | Killed a royal mummy
 14548 | D        | Killed a royal mummy
 14549 | D        | Reached skill level 5 in Spellcasting
 14550 | D        | Killed a royal mummy
 14551 | D        | Killed a royal mummy
 14554 | D        | Killed a royal mummy
 14595 | D        | Got a golden rune of Zot
 15004 | D        | Got an abyssal rune of Zot
 15248 | D        | Noticed Geryon
 15254 | D        | Killed Geryon
 15255 | D        | Reached XP level 20. HP: 216/216 MP: 30/32
 15264 | D        | Bought a scroll of fog for 44 gold pieces
 15264 | D        | Bought a scroll of blinking for 165 gold pieces
 15264 | D        | Bought a jewelled glass wand for 88 gold pieces
 15266 | D        | Bought a scroll of enchant weapon for 120 gold pieces
 15266 | D        | Bought a scroll of blinking for 120 gold pieces
 15266 | D        | Bought a scroll of acquirement for 832 gold pieces
 15267 | D        | Acquired 668 gold pieces
 15274 | D        | Bought a scroll of enchant armour for 240 gold pieces
 15276 | D        | Bought a potion of heal wounds for 100 gold pieces
 15276 | D        | Bought a box of beasts for 800 gold pieces
 15280 | D        | Bought a runed plate armour for 962 gold pieces
 15301 | D        | Bought a +3 plate armour of fire resistance for 585 gold
                  | pieces
 15319 | D        | Found the +4 staff of Dispater
 15319 | D        | Noticed Dispater
 15319 | D        | Noticed Antaeus
 15319 | D        | Noticed Gloorx Vloq
 15321 | D        | Noticed Mnoleg
 15743 | D        | Killed Antaeus
 15744 | D        | Reached skill level 10 in Spellcasting
 16106 | D        | Killed Dispater
 16278 | D        | Killed Gloorx Vloq
 16360 | D        | Gained mutation: Armour fits poorly on your strangely
                  | shaped body. [Mnoleg's mutagenic touch]
 16373 | D        | Killed Mnoleg
 16598 | D        | Got an iron rune of Zot
 16602 | D        | Got an icy rune of Zot
 16604 | D        | Noticed Lom Lobon
 16610 | D        | Got a dark rune of Zot
 16612 | D        | Noticed Ereshkigal
 16615 | D        | Found the +6 sword of Cerebov {flame}
 16615 | D        | Noticed Cerebov
 17136 | D        | Killed Lom Lobon
 17468 | D        | Killed Cerebov
 17940 | D        | Killed Ereshkigal
 17941 | D        | Reached skill level 15 in Spellcasting
 18280 | D        | Found the +7 sceptre of Asmodeus
 18280 | D        | Noticed Asmodeus
 18305 | D        | Killed Asmodeus
 18306 | D        | Reached skill level 27 in Slings
 18426 | D        | Got a glowing rune of Zot
 18430 | D        | Got a magical rune of Zot
 18434 | D        | Got a bone rune of Zot
 18438 | D        | Got a fiery rune of Zot
 18442 | D        | Got an obsidian rune of Zot
 19667 | D        | Got the Orb of Zot
 20043 | D        | Noticed Wotill the pandemonium lord
 20051 | D        | Killed Wotill the pandemonium lord
 20204 | D        | Noticed a seraph
 20234 | D        | Killed a seraph
 20442 | D        | Lost intelligence.
 20444 | D        | Gained mutation: You are frail. (-10% HP) [a neqoxec]
 20725 | D        | Noticed Ecsyasmo the pandemonium lord
 20738 | D        | Killed Ecsyasmo the pandemonium lord
 20908 | D        | Lost mutation: You are clumsy. (Dex -2) [potion of
                  | mutation]
 20908 | D        | Lost mutation: Armour fits poorly on your strangely shaped
                  | body. [potion of mutation]
 20908 | D        | Gained mutation: You have an increased reservoir of magic.
                  | (+10% MP) [potion of mutation]
 21083 | D        | Noticed Cuseom the pandemonium lord
 21095 | D        | Reached XP level 21. HP: 66/201 MP: 49/51
 21097 | D        | Killed Cuseom the pandemonium lord
 21231 | D        | Noticed Icwires the pandemonium lord
 21240 | D        | Killed Icwires the pandemonium lord
 21550 | D        | Noticed Isastrasm the pandemonium lord
 21565 | D        | Killed Isastrasm the pandemonium lord
 21677 | D        | Noticed Dujogok the pandemonium lord
 21680 | D        | Killed Dujogok the pandemonium lord
 21691 | D        | Noticed Asid the pandemonium lord
 21695 | D        | Noticed an ancient lich
 21717 | D        | Killed Asid the pandemonium lord
 21721 | D        | Killed an ancient lich
 22085 | D        | Reached skill level 27 in Spellcasting
 22187 | D        | Reached skill level 5 in Conjurations
 22202 | D        | Noticed Yrcheana the pandemonium lord
 22214 | D        | Killed Yrcheana the pandemonium lord
 22273 | D        | Reached skill level 10 in Conjurations
 22351 | D        | Noticed Rik Pis the pandemonium lord
 22365 | D        | Killed Rik Pis the pandemonium lord
 22640 | D        | Noticed Numosum the pandemonium lord
 22646 | D        | Killed Numosum the pandemonium lord
 22829 | D        | Reached skill level 15 in Conjurations
 22952 | D        | Noticed Exkot the pandemonium lord
 22965 | D        | Killed Exkot the pandemonium lord
 23081 | D        | Noticed Zach the pandemonium lord
 23092 | D        | Killed Zach the pandemonium lord
 23313 | D        | Noticed a seraph
 23336 | D        | Killed a seraph
 23540 | D        | Escaped with the Orb!

Illustrated notes

Levels and vault maps discovered:
D:        linesprint [early_d, line_temple, items_1, d_10, items_2, lair_1,
          lair_end, items_3, orc_1, orc_end, items_4, d_15, swamp_1, shoals_1,
          snake_1, spider_1, d_20, vaults_1, items_5, swamp_end, shoals_end,
          snake_end, spider_end, vaults_end, d_27, items_6, zot_1, zot_end,
          crypt_end, forest_end, elf_end, slime_end, tomb_end, abyss_end,
          pan_hell_end]

Skill      XL: |  1  2  3  4  5  6  7  8  9 10 11 12 13 14 15 16 17 18 19 20 21 |
---------------+----------------------------------------------------------------+-----
Armour         | 6 8 10 11 12 13 15 16 18 19 20 23 27 | 27.0
Fighting       | 6 7 9 11 12 13 14 16 18 20 24 26 27 | 27.0
Maces & Flails | 5 6 8 10 11 13 16 17 19 20 21 23 25 27 | 27.0
Dodging        | 1 2 3 4 5 6 7 8 9 11 14 17 23 27 | 27.0
Shields        | 5 6 8 10 11 12 13 14 15 18 23 27 | 27.0
Stealth        | 3 6 9 11 13 14 16 20 23 26 27 | 27.0
Evocations     | 2 3 4 5 7 9 10 13 17 21 27 | 27.0
Throwing       | 2 7 8 9 10 11 18 24 27 | 27.0
Slings         | 10 14 15 20 27 | 27.0
Short Blades   | 1 |  1.1
Long Blades    | 1 |  1.1
Axes           | 1 |  1.1
Polearms       | 1 |  1.1
Staves         | 1 |  1.1
Bows           | 1 |  1.0
Crossbows      | 1 |  1.1
Unarmed Combat | 1 |  1.0
Invocations    | 1 |  1.0
Spellcasting   | 9 22 27 | 27.0
Conjurations   | 20 | 20.9
Hexes          | |  0.5
Summonings     | |  0.6
Necromancy     | |  0.7
Translocations | |  0.6
Transmutations | |  0.8
Fire Magic     | |  0.6
Ice Magic      | |  0.6
Air Magic      | |  0.6
Earth Magic    | |  0.8
Poison Magic   | |  0.6

Action                   |  1- 3 |  4- 6 |  7- 9 | 10-12 | 13-15 | 16-18 | 19-21 || total
-------------------------+-------+-------+-------+-------+-------+-------+-------++-------
Melee: Flail             |    23 |    16 |    41 |    62 |       |       |       ||   142
       Headbutt          |     2 |     2 |     6 |    41 |    83 |   144 |   226 ||   504
       Morningstar       |       |       |       |   128 |   289 |   420 |   120 ||   957
       Sacred scourge    |       |       |       |       |       |    73 |   604 ||   677
 Fire: Hunting sling     |       |       |       |       |    82 |     2 |       ||    84
Throw: Dart              |       |       |       |    19 |     8 |     4 |     4 ||    35
       Throwing net      |       |       |       |       |     2 |       |       ||     2
       Javelin           |       |       |       |       |       |    29 |    51 ||    80
Invok: Call Merchant     |       |       |       |     1 |     3 |     6 |     9 ||    19
       Potion Petition   |       |       |       |       |       |     1 |    14 ||    15
Evoke: Wand              |       |       |     4 |       |     2 |     2 |    11 ||    19
       Condenser vane    |       |       |     1 |    13 |    18 |    24 |    20 ||    76
       Horn of Geryon    |       |       |       |       |       |       |     2 ||     2
  Use: Potion            |     1 |     1 |     2 |     4 |     2 |     7 |    25 ||    42
       Scroll            |       |       |       |     1 |       |    11 |    11 ||    23
 Stab: Invisible         |       |       |     9 |       |       |     2 |       ||    11
       Confused          |       |       |       |    11 |     1 |       |       ||    12
       Distracted        |       |       |       |     3 |     7 |    10 |     7 ||    27
       Held in net/web   |       |       |       |       |     2 |       |       ||     2
       Sleeping          |       |       |       |       |       |       |     1 ||     1
Armor: Scale mail        |    12 |     2 |       |       |       |       |       ||    14
       Chain mail        |       |     2 |    14 |    49 |    95 |    52 |     8 ||   220
       Plate armour      |       |       |       |       |       |       |    44 ||    44
Dodge: Dodged            |    17 |     2 |    11 |    51 |    76 |    95 |    87 ||   339
Block: Buckler           |     4 |     3 |     4 |    38 |    39 |       |       ||    88
       Tower shield      |       |       |       |       |   192 |   437 |   455 ||  1084
       Reflection        |       |       |       |       |       |       |     7 ||     7

Table legend: (Time is in decaauts) A = Elapsed time spent in this place. B = Non-inter-level travel time spent in this place. C = Inter-level travel time spent in this place. D = Time resting spent in this place. E = Time spent auto-exploring this place. F = Levels seen in this place. G = Mean time per level. A B C D E F G +--------+--------+--------+--------+--------+-----+--------+ Total | 22874 | 21115 | 1759 | 11293 | 1819 | 1 | 22874.0 | Dungeon | 22874 | 21115 | 1759 | 11293 | 1819 | 1 | 22874.0 | +--------+--------+--------+--------+--------+-----+--------+

Top non-repeatable levels by time:
       D: 22874 daAuts
